 Dungeon Crawl Stone Soup version 0.27.0-1-g7a089689b8 (webtiles) character file.

Game seed: 7122775082653378430

686 Kinoniko the Chopper (level 7, -2/52 HPs)
             Began as a Demonspawn Berserker on Aug 17, 2021.
             Was an Elder of Trog.
             Slain by an ice beast (9 damage)
             ... on level 5 of the Dungeon.
             The game lasted 00:04:27 (4794 turns).

Kinoniko the Chopper (Demonspawn Berserker)         Turns: 4794, Time: 00:04:27

Health: -2/52      AC:  3    Str: 19    XL:     7   Next: 35%
Magic:  7/7        EV: 15    Int:  9    God:    Trog [****..]
Gold:   142        SH:  0    Dex: 12    Spells: 6/6 levels left

rFire    . . .     SeeInvis .   a - +0 hand axe
rCold    . . .     Faith    .   (no shield)
rNeg     . . .     Spirit   .   h - +0 ring mail
rPois    .         Reflect  .   (no helmet)
rElec    .         Harm     .   p - +0 cloak
rCorr    .         Rampage  .   f - +0 pair of gloves
Will     .....                  (no boots)
Stlth    +.........             (no amulet)
HPRegen  0.17/turn              o - +4 ring of evasion
MPRegen  0.10/turn              r - +4 ring of protection

@: corroded, on berserk cooldown, hasted and slowed
A: talons 1, ignite blood 2, demonic magic 1
a: Renounce Religion, Berserk, Trog's Hand, Brothers in Arms


You were on level 5 of the Dungeon.
You worshipped Trog.
Trog was greatly pleased with you.
You visited 1 branch of the dungeon, and saw 5 of its levels.

You collected 142 gold pieces.

Inventory:

Hand Weapons
 a - a +0 hand axe (weapon)
Armour
 b - a +0 animal skin
 e - a +2 kite shield
 f - a +0 pair of gloves (worn)
 h - a +0 ring mail (worn)
 p - a +0 cloak (worn)
Jewellery
 c - an amulet of magic regeneration
 i - a ring of willpower
 j - a ring of poison resistance
 o - a +4 ring of evasion (left hand)
 q - a ring of flight
 r - a +4 ring of protection (right hand)
Wands
 n - a wand of paralysis (10)
Scrolls
 l - a scroll of amnesia
 m - a scroll of torment
 s - 3 scrolls of magic mapping
 t - 4 scrolls of identify
Potions
 g - 2 potions of brilliance
 k - a potion of curing {unknown}


   Skills:
 - Level 3.0 Fighting
 * Level 7.9 Axes
 - Level 1.7 Armour
 - Level 1.7 Dodging


You had 6 spell levels left.
You didn't know any spells.
Your spell library was empty.

Dungeon Overview and Level Annotations

Branches:
Dungeon (5/15)
 Temple: D:4-7

Altars:
Cheibriados
Hepliaklqana
Nemelex Xobeh
Okawaru
Ru
Sif Muna
Trog
Vehumet
Xom


Innate Abilities, Weirdness & Mutations

You have sharp toenails.
Your demonic aura often causes spilled blood to erupt in flames.
Spells you cast may paralyse adjacent enemies.


Message History

You are too injured to fight recklessly!
You are too injured to fight recklessly!
You are too injured to fight recklessly!
You are too injured to fight recklessly!
You are too injured to fight recklessly!
You are too injured to fight recklessly!
You are too injured to fight recklessly!
You are too injured to fight recklessly!
A jelly is nearby!
A red film seems to cover your vision as you go berserk!
You feel yourself moving faster!
You feel mighty! The jelly closely misses you.
You hit the jelly.
You kill the jelly!
Trog accepts your kill.
An ice beast comes into view.
An ice beast is nearby!
You feel a strong urge to attack something.
You feel your anger nearly subside.
You are no longer berserk.
You are exhausted.
You feel yourself slow down. The ice beast barely misses you.
The ice beast hits you.
* * * LOW HITPOINT WARNING * * *
The ice beast freezes you!
* * * LOW HITPOINT WARNING * * *
You closely miss the ice beast. Your kick misses the ice beast.
The ice beast barely misses you.
You completely miss the ice beast. Your kick misses the ice beast.
The ice beast misses you.
The ice beast hits you but does no damage.
Unknown command.
It was a potion of haste.
You feel yourself speed up. The ice beast closely misses you.
Okay, then.
You hit the ice beast.
You claw the ice beast, but do no damage.
The ice beast is lightly wounded.
The ice beast hits you.
* * * LOW HITPOINT WARNING * * *
The ice beast freezes you!
You die...

.##.##<# ..>.# #.# ..###
##.## ..####.# #...#
.......# #...###
#.###### #...... #.#
#####...#####
#.#######...........#...
..##............@Y......
#....####.>.........#...
#.#### ###.#...#.###
#..# #.#....... ##.#
#.#...#.### .#.#
#<#...#.# .#.# #.##.##(#
.#.##### #)......##
.......# ###.....#


You could see an ice beast.

Vanquished Creatures
  An ogre (D:4)
  2 scorpions
  A centaur zombie (D:5)
  A jelly (D:5)
  An orc priest (D:3)
  A hound (D:4)
  Crazy Yiuf (D:2)
  2 bullfrog skeletons (D:4)
  2 orc wizards
  A hound zombie (D:3)
  A hound skeleton (D:3)
  A gnoll (D:1)
  A howler monkey skeleton (D:3)
  5 adders
  A white imp (D:5)
  An adder zombie (D:3)
  3 worms (D:2)
  3 dart slugs
  10 orcs
  3 ball pythons
  5 endoplasms
  3 giant cockroaches
  6 goblins
  7 hobgoblins
  10 jackals
  3 quokkas
  A ball python skeleton (D:3)
  2 ball python zombies (D:3)
  3 bats (D:2)
  4 frilled lizards
  2 jackal skeletons (D:3)
  A jackal zombie (D:3)
  7 kobolds
  A quokka skeleton (D:3)
  6 rats
103 creatures vanquished.

Vanquished Creatures (others)
  2 withered plants (D:3)
2 creatures vanquished.

Grand Total: 105 creatures vanquished

Notes
Turn   | Place    | Note
-------+----------+-------------------------------------------
     0 | D:1      | Kinoniko the Demonspawn Berserker began the quest for the
                  | Orb.
     0 | D:1      | Reached XP level 1. HP: 18/18 MP: 1/1
   548 | D:1      | Reached skill level 3 in Axes
   621 | D:1      | Gained mutation: You have sharp toenails. [demonic
                  | ancestry]
   621 | D:1      | Reached XP level 2. HP: 24/24 MP: 2/2
   896 | D:1      | Found a faded altar of an unknown god.
  1306 | D:2      | Reached skill level 4 in Axes
  1306 | D:2      | Gained mutation: Your demonic aura sometimes causes spilled
                  | blood to erupt in flames. [demonic ancestry]
  1306 | D:2      | Reached XP level 3. HP: 29/29 MP: 3/3
  1581 | D:2      | Reached ** piety under Trog
  1583 | D:2      | Gained mutation: Spells you cast may paralyse adjacent
                  | enemies. [demonic ancestry]
  1583 | D:2      | Reached XP level 4. HP: 35/35 MP: 4/4
  2080 | D:2      | Found a runed translucent door.
  2081 | D:2      | Noticed Crazy Yiuf
  2262 | D:2      | Killed Crazy Yiuf
  2263 | D:2      | Reached skill level 5 in Axes
  2453 | D:3      | Reached XP level 5. HP: 41/41 MP: 5/5
  2870 | D:3      | Reached skill level 6 in Axes
  2953 | D:3      | Reached *** piety under Trog
  3069 | D:3      | Reached XP level 6. HP: 47/47 MP: 6/6
  3853 | D:4      | Found a snail-covered altar of Cheibriados.
  3854 | D:4      | Found a hazy altar of Hepliaklqana.
  3859 | D:4      | Found a shimmering altar of Xom.
  3859 | D:4      | Found a shimmering blue altar of Sif Muna.
  3873 | D:4      | Reached skill level 7 in Axes
  3949 | D:4      | Found an iron altar of Okawaru.
  4114 | D:4      | Found a radiant altar of Vehumet.
  4114 | D:4      | Found a bloodstained altar of Trog.
  4117 | D:4      | Found a sparkling altar of Nemelex Xobeh.
  4117 | D:4      | Found a sacrificial altar of Ru.
  4281 | D:4      | Gained mutation: Your demonic aura often causes spilled
                  | blood to erupt in flames. [demonic ancestry]
  4281 | D:4      | Reached XP level 7. HP: 52/52 MP: 7/7
  4557 | D:5      | Entered Level 5 of the Dungeon
  4682 | D:5      | Reached **** piety under Trog
  4794 | D:5      | Slain by an ice beast

Illustrated notes

Levels and vault maps discovered:
D:1:      minmay_arrival_semitransparent, layout_basic,
          chequers_ecumenical_altar_lobes, patterned_corridor
D:2:      minmay_diamond_boxcup, layout_basic, uniq_crazy_yiuf_cottage
D:3:      layout_basic, serial_undead, serial_undead_d, serial_undead_e,
          serial_undead_d, serial_undead_f, serial_undead_d, serial_undead_f
D:4:      layout_loops_ring, chequers_temple_overflow_statue_of_worship,
          minitemple
D:5:      layout_loops_cross, serial_bayou_lagoon_b

Skill      XL: |  1  2  3  4  5  6 |
---------------+-------------------+-----
Axes           | 3 4 5 6 7 |  7.9
Fighting       | |  3.0
Armour         | |  1.7
Dodging        | |  1.7

Action                   |  1- 3 |  4- 6 |  7- 9 || total
-------------------------+-------+-------+-------++-------
Melee: Hand axe          |    59 |   176 |    58 ||   293
       Kick              |     8 |    53 |    21 ||    82
Invok: Berserk           |     2 |     4 |     1 ||     7
  Use: Scroll            |       |     7 |     1 ||     8
       Potion            |       |       |     1 ||     1
Armor: Ring mail         |    17 |    48 |    17 ||    82
       Animal skin       |     3 |       |       ||     3
Dodge: Dodged            |    27 |    92 |    45 ||   164
